 Dungeon Sprint DCSS version 0.24.0-123-gd5b16e6ec5 (webtiles) character file.

Game seed: 5094039811658083255, levelgen mode: deterministic

9700000 McKennaii the Conqueror (level 27, 0/323 HPs)
             Began as a Demonspawn Fighter on Dec 17, 2019.
             Was the Champion of Makhleb.
             Killed by divine providence
             ... invoked by an accursed
              (9 damage)
             ... in the Dungeon (Sprint VIII: "Arena of Blood").
             The game lasted 00:08:10 (97 turns).

McKennaii the Conqueror (Demonspawn Fighter)          Turns: 97, Time: 00:08:11

Health: 0/323      AC: 17    Str: 22    XL:     27
Magic:  35/54      EV: 31    Int: 11    God:    Makhleb [******]
Gold:   0          SH:  0    Dex: 19    Spells: 80/80 levels left

rFire    + . .     SeeInvis .   l - +∞ Axe of Woe
rCold    . . .     Gourm    .   (shield currently unavailable)
rNeg     . . .     Faith    .   b - +0 scale mail
rPois    .         Spirit   .   (no helmet)
rElec    +         Reflect  .   (no cloak)
rCorr    .         Harm     .   (no gloves)
MR       ++...     NoTele   +   (boots unavailable)
Stlth    ++++++++..             (no amulet)
HPRegen  11.63/turn             (no ring)
MPRegen  0.34/turn              (no ring)

@: no status effects
A: talons 3, thin metallic scales 3, fire resistance 1, ignite blood, powered by
death 3, robust 3, flame cloud immunity
a: Minor Destruction, Lesser Servant of Makhleb, Major Destruction, Greater
Servant of Makhleb, Renounce Religion


You were in the Dungeon.
You worshipped Makhleb.
Makhleb was exalted by your worship.
You were not hungry.

You visited 1 branch

Inventory:

Hand Weapons
 l - the +∞ Axe of Woe (weapon)
   (You found it in the Dungeon)
Armour
 b - a +0 scale mail (worn)
 c - a +0 shield
Scrolls
 k - a scroll of blinking
Potions
 d - a potion of might
 e - a potion of curing
 g - a potion of heal wounds
 h - a potion of haste
 i - 2 potions of magic
 j - a potion of berserk rage
Comestibles
 f - a ration


   Skills:
 O Level 27 Fighting
 O Level 27 Axes
 O Level 27 Throwing
 O Level 27 Armour
 O Level 27 Dodging
 O Level 27 Stealth
 O Level 27 Shields
 O Level 27 Unarmed Combat
 O Level 27 Spellcasting
 O Level 27 Invocations


You had 80 spell levels left.
You didn't know any spells.
Your spell library was empty.

Dungeon Overview and Level Annotations

Branches:
Dungeon (1/1)

Altars:
Makhleb


Innate Abilities, Weirdness & Mutations

You have claws for feet.
You are completely covered in thin metallic scales. (AC +4, rElec)
Your flesh is heat resistant. (rF+)
Your demonic aura causes spilled blood to erupt in flames.
You regenerate a lot of health from kills.
You are extremely robust. (+30% HP)
You are immune to clouds of flame.


Message History

The eight-headed meat hydra calls on the powers of darkness!
The eight-headed meat hydra convulses!
The bag of meat convulses!
Something is bathed in an unholy light!
The large bag of meat convulses!
Your body is wracked with pain!
* * * LOW HITPOINT WARNING * * *
The bag of meat convulses! x2; Something is bathed in an unholy light!
The bag of meat convulses!
The eight-headed meat hydra convulses!
The meat berserker convulses!
The meat berserker rages.
You hear a shout! x2
The accursed casts a spell at you. Something smites you!
* * * LOW HITPOINT WARNING * * *
The accursed is engulfed in blazing flames.
The accursed casts a spell at you. Something smites you!
* * * LOW HITPOINT WARNING * * *
The accursed points at you and mumbles some strange words.
Something smites you!
You die...

o..D...M....
...#..........#.
...#.....L......
##..O#..§M.D☼.....
......#..o%........
.......2%o°☼o......
#...§%.°§°°M.......
.#.....§O@#.....%.#
....#.§§°○#.......#
#....)D###.......###.
......)o§W)W.###......
o....#§§)))D.._......
...#...))))#.)...#.
#.......)))#_)<._#
...#....)))#))o..#
....#L%%....._o.....


You could see 3 accurseds, a tyrant, 3 eight-headed meat hydras, a large bag of
meat (inner flame), a meat berserker (berserk), 5 bags of meat and a friendly
green death.

Vanquished Creatures
  5 hell beasts (D)
  3 greater mummies (D)
  3 wraiths (D)
  Harold (D)
  30 vampire knights (D)
  32 ogres (D)
  6 two-headed ogres (D)
  3 liches (D)
  2 hydras (D)
  64 orcs (D)
  2 phantoms (D)
  7 skeletal warriors (D)
  4 large abominations (D)
  7 small abominations (D)
  14 crawling corpses (D)
183 creatures vanquished.

Vanquished Creatures (others)
  An orc (D)
  2 crawling corpses (D)
3 creatures vanquished.

Grand Total: 186 creatures vanquished

Notes
Turn   | Place    | Note
-------+----------+-------------------------------------------
     0 | D        | Found the +∞ Axe of Woe
     0 | D        | McKennaii the Demonspawn Fighter began the quest for the
                  | Orb.
     0 | D        | Reached XP level 1. HP: 18/18 MP: 1/1
     1 | D        | Noticed a bag of meat
     3 | D        | Became a worshipper of Makhleb the Destroyer
     6 | D        | Noticed a bag of meat
     8 | D        | Noticed a bag of meat
     9 | D        | Noticed a bag of meat
    10 | D        | Noticed a bag of meat
    10 | D        | Noticed a meat berserker
    10 | D        | Noticed a bag of meat
    11 | D        | Noticed a meat berserker
    12 | D        | Killed a bag of meat
    12 | D        | Gained mutation: Your flesh is heat resistant. (rF+)
                  | [demonic ancestry]
    12 | D        | Reached XP level 2. HP: 45/45 MP: 2/2
    12 | D        | Gained mutation: You are immune to clouds of flame.
                  | [demonic ancestry]
    12 | D        | Reached XP level 3. HP: 51/51 MP: 3/3
    12 | D        | Reached XP level 4. HP: 58/58 MP: 4/4
    12 | D        | Gained mutation: You have sharp toenails. [demonic
                  | ancestry]
    12 | D        | Reached XP level 5. HP: 64/64 MP: 5/5
    12 | D        | Gained mutation: You have razor-sharp toenails. [demonic
                  | ancestry]
    12 | D        | Reached XP level 6. HP: 71/71 MP: 6/6
    12 | D        | Gained mutation: You are partially covered in thin metallic
                  | scales. (AC +2) [demonic ancestry]
    12 | D        | Reached XP level 7. HP: 78/78 MP: 7/7
    12 | D        | Gained mutation: You are mostly covered in thin metallic
                  | scales. (AC +3) [demonic ancestry]
    12 | D        | Reached XP level 8. HP: 85/85 MP: 8/8
    12 | D        | Reached XP level 9. HP: 91/91 MP: 9/9
    12 | D        | Gained mutation: You have claws for feet. [demonic
                  | ancestry]
    12 | D        | Reached XP level 10. HP: 98/98 MP: 10/10
    12 | D        | Reached XP level 11. HP: 104/104 MP: 11/11
    12 | D        | Noticed a meat berserker
    13 | D        | Killed a bag of meat
    13 | D        | Reached * piety under Makhleb
    13 | D        | Reached skill level 10 in Axes
    13 | D        | Gained mutation: You are completely covered in thin
                  | metallic scales. (AC +4, rElec) [demonic ancestry]
    13 | D        | Reached XP level 12. HP: 82/117 MP: 12/12
    13 | D        | Noticed a bag of meat
    14 | D        | Killed a meat berserker
    14 | D        | Reached XP level 13. HP: 48/130 MP: 13/13
    14 | D        | Reached XP level 14. HP: 51/138 MP: 14/14
    14 | D        | Noticed a bag of meat
    15 | D        | Killed a meat berserker
    15 | D        | Reached skill level 15 in Axes
    15 | D        | Reached XP level 15. HP: 56/149 MP: 15/15
    15 | D        | Reached ** piety under Makhleb
    17 | D        | Killed a meat berserker
    17 | D        | Gained mutation: You are robust. (+10% HP) [demonic
                  | ancestry]
    17 | D        | Reached XP level 16. HP: 34/181 MP: 15/25
    17 | D        | Reached *** piety under Makhleb
    18 | D        | Noticed a meat berserker
    18 | D        | Noticed a meat berserker
    19 | D        | Noticed a destroyer
    20 | D        | Noticed a meat berserker
    21 | D        | Noticed a meat berserker
    21 | D        | Noticed a destroyer
    21 | D        | Killed a meat berserker
    21 | D        | Reached skill level 27 in Fighting
    21 | D        | Gained mutation: You regenerate a little health from kills.
                  | [demonic ancestry]
    21 | D        | Reached XP level 17. HP: 37/191 MP: 15/30
    21 | D        | Noticed a meat berserker
    22 | D        | Noticed a destroyer
    23 | D        | Reached **** piety under Makhleb
    23 | D        | Killed a destroyer
    23 | D        | Reached skill level 27 in Armour
    23 | D        | Reached skill level 27 in Shields
    23 | D        | Reached XP level 18. HP: 119/200 MP: 16/34
    23 | D        | Noticed a destroyer
    23 | D        | Noticed a destroyer
    24 | D        | Killed a meat berserker
    24 | D        | Reached skill level 27 in Axes
    24 | D        | Reached skill level 27 in Invocations
    24 | D        | Reached XP level 19. HP: 182/207 MP: 16/36
    24 | D        | Noticed a large bag of meat
    24 | D        | Noticed a meat berserker
    25 | D        | Killed a meat berserker
    25 | D        | Reached skill level 10 in Throwing
    25 | D        | Reached skill level 10 in Dodging
    25 | D        | Reached skill level 10 in Unarmed Combat
    25 | D        | Reached skill level 10 in Spellcasting
    25 | D        | Reached ***** piety under Makhleb
    25 | D        | Noticed a destroyer
    25 | D        | Noticed a meat berserker
    26 | D        | Killed a destroyer
    26 | D        | Gained mutation: Your demonic aura causes spilled blood to
                  | erupt in flames. [demonic ancestry]
    26 | D        | Reached XP level 20. HP: 216/216 MP: 16/40
    26 | D        | Killed a meat berserker
    27 | D        | Reached XP level 21. HP: 224/224 MP: 17/44
    27 | D        | Killed a destroyer
    28 | D        | Killed a destroyer
    28 | D        | Reached ****** piety under Makhleb
    28 | D        | Gained mutation: You regenerate health from kills. [demonic
                  | ancestry]
    28 | D        | Reached XP level 22. HP: 233/233 MP: 17/48
    28 | D        | Noticed a large bag of meat
    28 | D        | Noticed a destroyer
    30 | D        | Reached skill level 27 in Dodging
    30 | D        | Noticed a destroyer
    30 | D        | Noticed a destroyer
    31 | D        | Killed a large bag of meat
    31 | D        | Reached skill level 27 in Stealth
    31 | D        | Gained mutation: You are very robust. (+20% HP) [demonic
                  | ancestry]
    31 | D        | Reached XP level 23. HP: 233/262 MP: 17/52
    31 | D        | Killed a destroyer
    31 | D        | Reached skill level 27 in Throwing
    31 | D        | Reached skill level 27 in Unarmed Combat
    31 | D        | Reached skill level 27 in Spellcasting
    32 | D        | Killed a destroyer
    33 | D        | Killed a large bag of meat
    33 | D        | Reached XP level 24. HP: 272/272 MP: 18/54
    33 | D        | Killed a destroyer
    33 | D        | Noticed a destroyer
    33 | D        | Noticed a large bag of meat
    34 | D        | Noticed a destroyer
    36 | D        | Killed a destroyer
    36 | D        | Gained mutation: You regenerate a lot of health from kills.
                  | [demonic ancestry]
    36 | D        | Reached XP level 25. HP: 210/280 MP: 19/54
    36 | D        | Noticed a destroyer
    37 | D        | Reached XP level 26. HP: 290/290 MP: 19/54
    38 | D        | Killed a destroyer
    38 | D        | Noticed a large bag of meat
    39 | D        | Killed a destroyer
    39 | D        | Gained mutation: You are extremely robust. (+30% HP)
                  | [demonic ancestry]
    39 | D        | Reached XP level 27. HP: 290/323 MP: 20/54
    39 | D        | Noticed a destroyer
    41 | D        | Noticed a destroyer
    41 | D        | Noticed a destroyer
    43 | D        | Killed a destroyer
    44 | D        | Noticed a tyrant
    45 | D        | Noticed a destroyer
    45 | D        | Noticed a destroyer
    45 | D        | Noticed a destroyer
    47 | D        | Killed a large bag of meat
    47 | D        | Killed a destroyer
    47 | D        | Noticed a tyrant
    48 | D        | Killed a destroyer
    48 | D        | Noticed The Servant
    48 | D        | Noticed a destroyer
    48 | D        | Noticed a destroyer
    49 | D        | Noticed a destroyer
    50 | D        | Killed a large bag of meat
    50 | D        | Killed a destroyer
    50 | D        | Killed a destroyer
    51 | D        | Noticed a destroyer
    51 | D        | Killed a destroyer
    51 | D        | Noticed a large bag of meat
    52 | D        | Killed a destroyer
    52 | D        | Noticed a destroyer
    53 | D        | Killed a tyrant
    54 | D        | Killed a destroyer
    54 | D        | Noticed an accursed
    57 | D        | Killed a destroyer
    57 | D        | Killed a tyrant
    58 | D        | Noticed a destroyer
    59 | D        | Killed a destroyer
    59 | D        | Noticed an accursed
    60 | D        | Killed a destroyer
    62 | D        | Killed The Servant
    62 | D        | Noticed a destroyer
    63 | D        | Killed an accursed
    63 | D        | Killed a destroyer
    64 | D        | Killed a destroyer
    64 | D        | Noticed a destroyer
    67 | D        | Noticed a destroyer
    67 | D        | Noticed a dread
    68 | D        | Killed a destroyer
    68 | D        | Noticed a meat beast
    69 | D        | Killed an accursed
    69 | D        | Noticed a destroyer
    71 | D        | Noticed a meat beast
    72 | D        | Killed a meat beast
    72 | D        | Killed a destroyer
    73 | D        | Killed a destroyer
    73 | D        | Killed a destroyer
    73 | D        | Noticed a meat beast
    74 | D        | Killed a destroyer
    75 | D        | Killed a large bag of meat
    75 | D        | Noticed an accursed
    75 | D        | Noticed a large bag of meat
    75 | D        | Noticed a tyrant
    76 | D        | Killed a meat beast
    76 | D        | Killed a meat beast
    76 | D        | Noticed a dread
    76 | D        | Noticed a dread
    78 | D        | Noticed a meat beast
    80 | D        | Noticed a meat beast
    82 | D        | Killed a meat beast
    83 | D        | Killed a dread
    83 | D        | Noticed a destroyer
    84 | D        | Killed an accursed
    85 | D        | Killed a dread
    86 | D        | Noticed a large bag of meat
    86 | D        | Noticed a destroyer
    89 | D        | Killed a destroyer
    89 | D        | Killed a meat beast
    89 | D        | Noticed an accursed
    91 | D        | Killed a destroyer
    95 | D        | Noticed a tyrant
    95 | D        | Killed a tyrant
    95 | D        | Killed a dread
    96 | D        | Killed a large bag of meat
    96 | D        | Noticed an accursed
    97 | D        | Noticed an accursed
    97 | D        | HP: 9/323 [accursed/divine providence (14)]
    97 | D        | Killed from afar by an accursed

Levels and vault maps discovered:
D:        meatsprint

Skill      XL: |  1  2  3  4  5  6  7  8  9 10 11 12 13 14 15 16 17 18 19 20 21 22 23 |
---------------+----------------------------------------------------------------------+-----
Fighting       | 16 18 21 23 26 27 | 27.0
Axes           | 9 10 13 15 17 20 23 27 | 27.0
Armour         | 14 16 19 20 23 24 27 | 27.0
Shields        | 14 16 19 20 23 24 27 | 27.0
Invocations    | 12 18 25 27 | 27.0
Throwing       | 6 16 19 22 25 27 | 27.0
Dodging        | 6 16 19 22 27 | 27.0
Stealth        | 6 17 20 24 27 | 27.0
Unarmed Combat | 6 16 19 22 25 27 | 27.0
Spellcasting   | 6 16 19 22 25 27 | 27.0

Action                   |  1- 3 |  4- 6 |  7- 9 | 10-12 | 13-15 | 16-18 | 19-21 | 22-24 | 25-27 || total
-------------------------+-------+-------+-------+-------+-------+-------+-------+-------+-------++-------
Melee: Executioner's axe |     1 |       |       |     2 |     2 |     4 |     4 |     6 |    52 ||    71
Invok: Greater Servant o |       |       |       |       |       |       |       |       |     1 ||     1
Armor: Scale mail        |       |       |       |       |       |       |       |     1 |     2 ||     3
Dodge: Dodged            |       |       |       |       |       |       |       |     2 |     6 ||     8
